| TOP OF THE 1ST |
|
Kingsport Mets batting - Pitching for Bristol Pirates : RHP Matt Wax
|
|
Pitching: RHP Matt Wax
|
|
|
Batting: RHB Michael Youngberry
|
0-0: Swinging Strike 0-1: Called Strike 0-2: Ground out 5-3 (Groundball, 56S, EV 90.0 MPH)
|
|
Batting: RHB Artyom Shavkunov
|
0-0: Ball 1-0: Ball 2-0: SOLO HOME RUN (Flyball, 8RXD, EV 101.2 MPH), Distance : 423 ft
|
|
Batting: SHB Tyler Maddux
|
0-0: Ball 1-0: Ball 2-0: Called Strike 2-1: Ball 3-1: Base on Balls
|
|
Batting: SHB Nick Daigle
|
0-0: Foul Ball, location: 2F 0-1: Foul Ball, location: 2F 0-2: Ball 1-2: Fly out, F8 (Flyball, 8LD, EV 102.5 MPH)
|
|
Batting: RHB Enrique Aguirre
|
0-0: Called Strike 0-1: Ball 1-1: Ball 2-1: Foul Ball, location: 2F 2-2: Strikes out swinging
|
| Top of the 1st over - 1 run, 1 hit, 0 errors, 1 left on base; Kingsport 1 - Bristol 0 |
| BOTTOM OF THE 1ST |
|
Bristol Pirates batting - Pitching for Kingsport Mets : RHP Emanuel Anochondo
|
|
Pitching: RHP Emanuel Anochondo
|
|
|
Batting: RHB Alex Arzate
|
0-0: Called Strike 0-1: Called Strike 0-2: Ball 1-2: Strikes out looking
|
|
Batting: RHB Ricky Alvarado
|
0-0: Ball 1-0: Ball 2-0: DOUBLE (Line Drive, 89M, EV 110.6 MPH)
|
|
Batting: RHB Melvin Durland
|
0-0: Ball 1-0: Called Strike 1-1: Ball 2-1: Reached on error, E6 (Groundball, 6, EV 78.8 MPH) Ricky Alvarado to third
|
|
Batting: LHB Dustin Herman
|
0-0: Ball Melvin Durland steals 2nd base 1-0: Ball 2-0: Ball 3-0: Base on Balls
|
|
Batting: RHB Steve Terres
|
0-0: Swinging Strike 0-1: Swinging Strike 0-2: Ball 1-2: Foul Ball, location: 2F 1-2: Fly out, F9 (Flyball, 89S, EV 88.1 MPH)
|
|
Batting: RHB Rusty Trader
|
0-0: Ball 1-0: Ball 2-0: Ball 3-0: Called Strike 3-1: Called Strike 3-2: Base on Balls Ricky Alvarado scores Melvin Durland to third Dustin Herman to second
|
|
Batting: RHB Chris Arroyo
|
0-0: Fielders Choice at 2nd, 6-4 (Groundball, 6, EV 81.2 MPH)
|
| Bottom of the 1st over - 1 run, 1 hit, 1 error, 3 left on base; Kingsport 1 - Bristol 1 |
| TOP OF THE 2ND |
|
Kingsport Mets batting - Pitching for Bristol Pirates : RHP Matt Wax
|
|
Batting: RHB Sam Callahan
|
0-0: Ball 1-0: Swinging Strike 1-1: Fly out, F8 (Flyball, 8LM, EV 66.2 MPH)
|
|
Batting: RHB Chris Artz
|
0-0: Called Strike 0-1: Ball 1-1: Ball 2-1: Fly out, F9 (Flyball, 9, EV 81.9 MPH)
|
|
Batting: SHB Adonis Jones
|
0-0: Ball 1-0: Ground out U3 (Groundball, 3S, EV 83.8 MPH)
|
| Top of the 2nd over - 0 runs, 0 hits, 0 errors, 0 left on base; Kingsport 1 - Bristol 1 |
| BOTTOM OF THE 2ND |
|
Bristol Pirates batting - Pitching for Kingsport Mets : RHP Emanuel Anochondo
|
|
Batting: RHB Ryan LeSueur
|
0-0: Ground out 4-3 (Groundball, 4, EV 85.6 MPH)
|
|
Batting: RHB Hidesuke Yoshida
|
0-0: Ball 1-0: Ball 2-0: Ball 3-0: Called Strike 3-1: Base on Balls
|
|
Batting: RHB Alex Arzate
|
0-0: Ball 1-0: Ball 2-0: Fly out, F7 (Flyball, 78M, EV 90.0 MPH)
|
|
Batting: RHB Ricky Alvarado
|
0-0: Ball 1-0: Ball 2-0: Ground out 5-3 (Groundball, 5S, EV 66.9 MPH)
|
| Bottom of the 2nd over - 0 runs, 0 hits, 0 errors, 1 left on base; Kingsport 1 - Bristol 1 |
| TOP OF THE 3RD |
|
Kingsport Mets batting - Pitching for Bristol Pirates : RHP Matt Wax
|
|
Batting: SHB Josh Thomson
|
0-0: Ball 1-0: Ball 2-0: Ball 3-0: Called Strike 3-1: Called Strike 3-2: Base on Balls
|
|
Batting: RHB Michael Youngberry
|
0-0: Swinging Strike 0-1: Ball 1-1: Fly out, F8 (Line Drive, 8LD, EV 94.4 MPH)
|
|
Batting: RHB Artyom Shavkunov
|
0-0: Ball 1-0: Ball Josh Thomson steals 2nd base 2-0: Foul Ball, location: 2F 2-1: Ball 3-1: Called Strike 3-2: Base on Balls
|
|
Batting: SHB Tyler Maddux
|
0-0: Ball Josh Thomson is caught stealing 3rd base 2-5 1-0: Ball 2-0: Called Strike 2-1: Fly out, F8 (Line Drive, 8LM, EV 90.6 MPH)
|
| Top of the 3rd over - 0 runs, 0 hits, 0 errors, 1 left on base; Kingsport 1 - Bristol 1 |
| BOTTOM OF THE 3RD |
|
Bristol Pirates batting - Pitching for Kingsport Mets : RHP Emanuel Anochondo
|
|
Batting: RHB Melvin Durland
|
0-0: Called Strike 0-1: Swinging Strike 0-2: Strikes out looking
|
|
Batting: LHB Dustin Herman
|
0-0: Foul Ball, location: 2F 0-1: Ball 1-1: Foul Ball, location: 2F 1-2: Strikes out swinging
|
|
Batting: RHB Steve Terres
|
0-0: Called Strike 0-1: Called Strike 0-2: Ball 1-2: Strikes out looking
|
| Bottom of the 3rd over - 0 runs, 0 hits, 0 errors, 0 left on base; Kingsport 1 - Bristol 1 |
| TOP OF THE 4TH |
|
Kingsport Mets batting - Pitching for Bristol Pirates : RHP Matt Wax
|
|
Batting: SHB Nick Daigle
|
0-0: Called Strike 0-1: Swinging Strike 0-2: Ball 1-2: Strikes out swinging
|
|
Batting: RHB Enrique Aguirre
|
0-0: Ball 1-0: Called Strike 1-1: Ball 2-1: Ground out 4-3 (Groundball, 4, EV 85.6 MPH)
|
|
Batting: RHB Sam Callahan
|
0-0: Called Strike 0-1: Fly out, F9 (Flyball, 9LS, EV 83.8 MPH)
|
| Top of the 4th over - 0 runs, 0 hits, 0 errors, 0 left on base; Kingsport 1 - Bristol 1 |
| BOTTOM OF THE 4TH |
|
Bristol Pirates batting - Pitching for Kingsport Mets : RHP Emanuel Anochondo
|
|
Batting: RHB Rusty Trader
|
0-0: Called Strike 0-1: Ball 1-1: Foul Ball, location: 2F 1-2: Foul Ball, location: 2F 1-2: Foul Ball, location: 2F 1-2: Foul Ball, location: 2F 1-2: Ball 2-2: SOLO HOME RUN (Line Drive, 7D, EV 106.2 MPH), Distance : 387 ft
|
|
Batting: RHB Chris Arroyo
|
0-0: Ball 1-0: Swinging Strike 1-1: Ball 2-1: Fly out, F7 (Flyball, 7D, EV 87.5 MPH)
|
|
Batting: RHB Ryan LeSueur
|
0-0: Foul Ball, location: 2F 0-1: Foul Ball, location: 2F 0-2: Strikes out looking
|
|
Batting: RHB Hidesuke Yoshida
|
0-0: Ball 1-0: Ball 2-0: Called Strike 2-1: Foul Ball, location: 2F 2-2: Ground out 6-3 (Groundball, 6, EV 100.0 MPH)
|
| Bottom of the 4th over - 1 run, 1 hit, 0 errors, 0 left on base; Kingsport 1 - Bristol 2 |
| TOP OF THE 5TH |
|
Kingsport Mets batting - Pitching for Bristol Pirates : RHP Matt Wax
|
|
Batting: RHB Chris Artz
|
0-0: Swinging Strike 0-1: Ball 1-1: SOLO HOME RUN (Flyball, 7LD, EV 96.9 MPH), Distance : 345 ft
|
|
Batting: SHB Adonis Jones
|
0-0: Ball 1-0: Foul Ball, location: 2F 1-1: Called Strike 1-2: Ball 2-2: SOLO HOME RUN (Line Drive, 89XD, EV 99.4 MPH), Distance : 395 ft
|
|
Batting: SHB Josh Thomson
|
0-0: Ball 1-0: Called Strike 1-1: Ball 2-1: Foul Ball, location: 2F 2-2: Ball 3-2: Base on Balls
|
|
Batting: RHB Michael Youngberry
|
0-0: Called Strike Josh Thomson is caught stealing 2nd base 2-4 0-1: Ball 1-1: Ground out U3 (Groundball, 3S, EV 88.8 MPH)
|
|
Batting: RHB Artyom Shavkunov
|
0-0: Swinging Strike 0-1: Fly out, F4 (Popup, 4D, EV 57.5 MPH)
|
| Top of the 5th over - 2 runs, 2 hits, 0 errors, 0 left on base; Kingsport 3 - Bristol 2 |
| BOTTOM OF THE 5TH |
|
Bristol Pirates batting - Pitching for Kingsport Mets : RHP Emanuel Anochondo
|
|
Batting: RHB Alex Arzate
|
0-0: Ball 1-0: Fly out, F8 (Flyball, 8LD, EV 102.5 MPH)
|
|
Batting: RHB Ricky Alvarado
|
0-0: Ball 1-0: Ball 2-0: Called Strike 2-1: Foul Ball, location: 2F 2-2: Strikes out swinging
|
|
Batting: RHB Melvin Durland
|
0-0: Ball 1-0: Ball 2-0: Ball 3-0: Base on Balls
|
|
Pitching: RHP Justin Williams
|
|
|
Batting: LHB Dustin Herman
|
0-0: Ball 1-0: Fly out, F7 (Flyball, 78M, EV 89.4 MPH)
|
| Bottom of the 5th over - 0 runs, 0 hits, 0 errors, 1 left on base; Kingsport 3 - Bristol 2 |
| TOP OF THE 6TH |
|
Kingsport Mets batting - Pitching for Bristol Pirates : RHP Matt Wax
|
|
Pitching: RHP Randy Nelligan
|
|
|
Batting: SHB Tyler Maddux
|
0-0: Ball 1-0: Ball 2-0: Ball 3-0: Base on Balls
|
|
Batting: SHB Nick Daigle
|
0-0: Ball 1-0: Ball Tyler Maddux steals 2nd base (no throw) 2-0: Foul Ball, location: 2F 2-1: Ball 3-1: Foul Ball, location: 2F Balk! Tyler Maddux to third 3-2: Base on Balls
|
|
Batting: RHB Enrique Aguirre
|
0-0: Ball Nick Daigle is caught stealing 2nd base 2-4 1-0: Ball 2-0: Called Strike 2-1: Swinging Strike 2-2: Strikes out swinging
|
|
Batting: RHB Sam Callahan
|
0-0: Called Strike 0-1: Ball 1-1: Ball 2-1: Ball 3-1: Base on Balls
|
|
Batting: RHB Chris Artz
|
0-0: Called Strike 0-1: Swinging Strike 0-2: Ball 1-2: Ball 2-2: Fly out, F8 (Flyball, 78M, EV 92.5 MPH)
|
| Top of the 6th over - 0 runs, 0 hits, 0 errors, 2 left on base; Kingsport 3 - Bristol 2 |
| BOTTOM OF THE 6TH |
|
Bristol Pirates batting - Pitching for Kingsport Mets : RHP Justin Williams
|
|
Batting: RHB Steve Terres
|
0-0: Ball 1-0: Foul Ball, location: 2F 1-1: Foul Ball, location: 2F 1-2: Ball 2-2: Ball 3-2: Foul Ball, location: 2F 3-2: Base on Balls
|
|
Batting: RHB Rusty Trader
|
0-0: Ball 1-0: Foul Ball, location: 2F 1-1: Ground out 4-3 (Groundball, 13, EV 89.4 MPH) Steve Terres to second
|
|
Pinch Hitting: LHB Kazuyoshi Ikeda
|
0-0: Swinging Strike 0-1: Foul Ball, location: 2F 0-2: Foul Ball, location: 2F 0-2: Foul Ball, location: 2F 0-2: Strikes out swinging
|
|
Pinch Hitting: LHB Dave Cook
|
0-0: Ball 1-0: Ball 2-0: Called Strike 2-1: Swinging Strike 2-2: Foul Ball, location: 2F 2-2: Strikes out swinging
|
| Bottom of the 6th over - 0 runs, 0 hits, 0 errors, 1 left on base; Kingsport 3 - Bristol 2 |
| TOP OF THE 7TH |
|
Kingsport Mets batting - Pitching for Bristol Pirates : RHP Randy Nelligan
|
|
Pitching: RHP Nick Lockwood
|
|
|
Now at 3B: Erik Mulligan
|
|
|
Now in CF: Hidesuke Yoshida
|
|
|
Now in RF: Kazuyoshi Ikeda
|
|
|
Batting: SHB Adonis Jones
|
0-0: Ground out U3 (Groundball, 3, EV 89.4 MPH)
|
|
Batting: SHB Josh Thomson
|
0-0: Ball 1-0: Foul Ball, location: 2F 1-1: Foul Ball, location: 2F 1-2: Foul Ball, location: 2F 1-2: DOUBLE (Flyball, 89D, EV 101.2 MPH)
|
|
Batting: RHB Michael Youngberry
|
0-0: Called Strike 0-1: Foul Ball, location: 2F 0-2: Strikes out looking
|
|
Batting: RHB Artyom Shavkunov
|
0-0: SINGLE (Line Drive, 89M, EV 96.2 MPH) Josh Thomson to third Throwing error, E9 Josh Thomson scores Artyom Shavkunov to second
|
|
Batting: SHB Tyler Maddux
|
0-0: Ball 1-0: Foul Ball, location: 2F 1-1: Foul Ball, location: 2F 1-2: Ball 2-2: Foul Ball, location: 2F 2-2: SINGLE (Groundball, 5L, EV 95.6 MPH) (infield hit) Artyom Shavkunov to third
|
|
Batting: SHB Nick Daigle
|
0-0: Called Strike Tyler Maddux is caught stealing 2nd base 2-6
|
| Top of the 7th over - 1 run, 3 hits, 1 error, 1 left on base; Kingsport 4 - Bristol 2 |
| BOTTOM OF THE 7TH |
|
Bristol Pirates batting - Pitching for Kingsport Mets : RHP Justin Williams
|
|
Batting: RHB Hidesuke Yoshida
|
0-0: Ground out 5-3 (Groundball, 56, EV 83.1 MPH)
|
|
Batting: RHB Alex Arzate
|
0-0: Called Strike 0-1: Ground out 6-3 (Groundball, 56, EV 100.0 MPH)
|
|
Batting: RHB Ricky Alvarado
|
0-0: Ball 1-0: DOUBLE (Line Drive, 7LS, EV 100.6 MPH)
|
|
Batting: RHB Melvin Durland
|
0-0: Called Strike 0-1: Hit by Pitch
|
|
Pitching: LHP Nestor Donato
|
|
|
Batting: LHB Dustin Herman
|
0-0: Called Strike 0-1: Called Strike 0-2: Ball 1-2: Strikes out swinging
|
| Bottom of the 7th over - 0 runs, 1 hit, 0 errors, 2 left on base; Kingsport 4 - Bristol 2 |
| TOP OF THE 8TH |
|
Kingsport Mets batting - Pitching for Bristol Pirates : RHP Nick Lockwood
|
|
Batting: SHB Nick Daigle
|
0-0: Called Strike 0-1: Called Strike 0-2: Fly out, F8 (Line Drive, 8LM, EV 90.0 MPH)
|
|
Batting: RHB Enrique Aguirre
|
0-0: Ball 1-0: SINGLE (Flyball, 3D, EV 93.8 MPH)
|
|
Batting: RHB Sam Callahan
|
0-0: Called Strike 0-1: Ball 1-1: Swinging Strike 1-2: Ball 2-2: Ball 3-2: Strikes out swinging Enrique Aguirre steals 2nd base Batter strikes out.
|
|
Batting: RHB Chris Artz
|
0-0: Ball 1-0: Foul Ball, location: 2F 1-1: Foul Ball, location: 2F 1-2: Ball 2-2: Strikes out swinging
|
| Top of the 8th over - 0 runs, 1 hit, 0 errors, 1 left on base; Kingsport 4 - Bristol 2 |
| BOTTOM OF THE 8TH |
|
Bristol Pirates batting - Pitching for Kingsport Mets : LHP Nestor Donato
|
|
Batting: RHB Steve Terres
|
0-0: Called Strike 0-1: Ball 1-1: Called Strike 1-2: SINGLE (Line Drive, 7S, EV 107.5 MPH)
|
|
Batting: RHB Rusty Trader
|
0-0: Ball Wild Pitch! Steve Terres to second 1-0: Foul Ball, location: 2F 1-1: Ball 2-1: Ball 3-1: Base on Balls
|
|
Batting: LHB Kazuyoshi Ikeda
|
0-0: Bunt missed! 0-1: Bunted foul 0-2: Ball 1-2: SINGLE (Groundball, 3D, EV 107.5 MPH) Steve Terres to third Rusty Trader to second
|
|
Batting: RHB Erik Mulligan
|
0-0: Ball 1-0: Ball 2-0: Called Strike 2-1: Foul Ball, location: 2F 2-2: Ball 3-2: Foul Ball, location: 2F 3-2: Strikes out swinging
|
|
Pinch Hitting: RHB Hector Barajas
|
0-0: Ball 1-0: Foul Ball, location: 2F 1-1: Swinging Strike 1-2: Ball 2-2: Ball 3-2: Strikes out looking
|
|
Pitching: LHP Mike Mathews
|
|
|
Batting: RHB Alex Arzate
|
0-0: Foul Ball, location: 2F 0-1: Fly out, F8 (Flyball, 8RD, EV 101.2 MPH)
|
| Bottom of the 8th over - 0 runs, 2 hits, 0 errors, 3 left on base; Kingsport 4 - Bristol 2 |
| TOP OF THE 9TH |
|
Kingsport Mets batting - Pitching for Bristol Pirates : RHP Nick Lockwood
|
|
Pitching: RHP Francisco Santos
|
|
|
Now in CF: Don Hauk
|
|
|
Batting: SHB Adonis Jones
|
0-0: Ball 1-0: Ball 2-0: Ground out 1-3 (Groundball, 34S, EV 65.6 MPH)
|
|
Batting: SHB Josh Thomson
|
0-0: Ball 1-0: Ball 2-0: Ball 3-0: Called Strike 3-1: Foul Ball, location: 2F 3-2: Ground out 4-3 (Groundball, 4S, EV 93.8 MPH)
|
|
Batting: RHB Michael Youngberry
|
0-0: Called Strike 0-1: Foul Ball, location: 2F 0-2: Ball 1-2: Ball 2-2: Ball 3-2: Strikes out looking
|
| Top of the 9th over - 0 runs, 0 hits, 0 errors, 0 left on base; Kingsport 4 - Bristol 2 |
| BOTTOM OF THE 9TH |
|
Bristol Pirates batting - Pitching for Kingsport Mets : LHP Mike Mathews
|
|
Now in LF: Matt Baker
|
|
|
Now in CF: Michael Youngberry
|
|
|
Batting: RHB Ricky Alvarado
|
0-0: Ball 1-0: Ground out 6-3 (Groundball, 6, EV 106.9 MPH)
|
|
Batting: RHB Melvin Durland
|
0-0: Called Strike 0-1: Called Strike 0-2: Foul Ball, location: 2F 0-2: Ball 1-2: Ball 2-2: Ball 3-2: Fly out, F8 (Line Drive, 8LD, EV 93.1 MPH)
|
|
Pinch Hitting: SHB Ronnie Brooks
|
0-0: Ball 1-0: Ball 2-0: Called Strike 2-1: Ball 3-1: Foul Ball, location: 2F 3-2: Strikes out looking
|
| Bottom of the 9th over - 0 runs, 0 hits, 0 errors, 0 left on base; Kingsport 4 - Bristol 2 |
|